Unix xNetHack Version 7.1.0 - last build Jun 10 2022 16:52:22 (33bbff3b7d1ce07880d5c4b1c5efc7e91935e5b9). Game began 2022-06-23 09:25:45, ended 2022-06-24 08:09:01. elenmirie, neutral female human Tourist ------------ ------- |..........-## |.....| |...)......| ######......| |..........-# ## |.....| ------------ |.......>..|# .......#####|...........############ ---------------- -----.------ -----+- #-..........| # |.[[).[[.[[[[[[| ## |..........| # |.[[)[[F[])[[[[| # |....(.....| ###-@[[)[[.[[[[[[[| # ...........| |.[[)][[m@)[[[[| ## ------------ ---------------- ## ## -|--.--# # |..<...# --.--------- # |.....| |..........| #######......| |..........| # ------- |..........| # |...........## ------------ Elenmirie the Sightseer St:12 Dx:9 Co:17 In:13 Wi:10 Ch:15 Neutral Dlvl:5 $:0 HP:0(46) Pw:23(23) AC:9 Xp:5/161 T:2045 Latest messages: You see here a leather light armor (for sale, 7 zorkmids). You see here a pair of fencing gloves (for sale, 67 zorkmids). "For you, most gracious lady; only 67 zorkmids for this pair of fencing gloves." Q - a pair of fencing gloves (unpaid, 67 zorkmids) {30}. You see here a chain mail (for sale, 100 zorkmids). You see here a pair of jungle boots (for sale, 40 zorkmids). The kobold lord drinks a puce potion! The kobold lord rises up, through the shop's ceiling! Call a puce potion: gain level You see here a pair of jungle boots (for sale, 40 zorkmids). (For instructions type a '?') Call a pair of jungle boots: 30 jungle Wait! That's a small mimic! You begin bashing monsters with your wooden spear. The small mimic's thick hide blocks your attack. What do you want to wield? [- aF or ?*] ? Never mind. You miss the small mimic. You miss the small mimic. You miss the small mimic. You see here a banded mail (for sale, 120 zorkmids). The small mimic claws you! The small mimic's thick hide deflects your attack. You miss the small mimic. You impale the small mimic. The small mimic claws you! You miss the small mimic. The small mimic claws you! You pierce the small mimic. You miss the small mimic. The small mimic's thick hide deflects your attack. The small mimic's thick hide blocks your attack. You miss the small mimic. You pierce the small mimic. You miss the small mimic. The small mimic's thick hide blocks your attack. The small mimic claws you! You miss the small mimic. You miss the small mimic. The small mimic hits! The small mimic's thick hide deflects your attack. You hit the small mimic. The small mimic hits! You die... Akhalataki comes and takes all your possessions. Do you want to see what you had when you died? [ynq] (y) y Do you want to see your attributes? [ynq] (y) y Do you want an account of creatures vanquished? [ynaq] (y) y Do you want to see your conduct and achievements? [ynq] (y) y Do you want to see the dungeon overview? [ynq] (y) y Major events: Turn 1: elenmirie the neutral female human Tourist entered the dungeon 801: attained the rank of Sightseer (level 3) 2045: killed by a small mimic Inventory: Inventory: 706/775 weight (28/52 slots) Weapons a - 24 uncursed +2 darts (at the ready) {24} F - an uncursed +0 wooden spear (weapon in hand) {11} Armor Q - a cursed +0 pair of gauntlets of power {30} O - an uncursed +0 pair of jumping boots (being worn) {15} k - an uncursed +0 pair of low boots {10} j - a blessed +0 Hawaiian shirt with a toucan motif (being worn) {4} P - an uncursed +0 leather studded armor {200} Comestibles e - 4 uncursed food rations {80} f - 3 uncursed lembas wafers {15} Scrolls r - a cursed scroll of blank paper {5} n - a blessed scroll of enchant weapon {5} x - a cursed scroll of food detection {5} y - 2 uncursed scrolls of identify {10} i - 4 uncursed scrolls of magic mapping {20} Spellbooks u - an uncursed spellbook of create monster {40} z - an uncursed spellbook of create monster {40} A - an uncursed spellbook of detect unseen {40} E - an uncursed spellbook of wizard lock {40} Potions h - 2 uncursed potions of extra healing {40} t - a cursed potion of extra healing {20} v - an uncursed potion of sleeping {20} Rings w - a cursed ring of aggravate monster {3} s - an uncursed +4 ring of increase damage {3} B - an uncursed ring of searching {3} G - a cursed ring of teleportation {3} Wands C - an uncursed wand of teleportation (0:5) {7} Tools m - an uncursed credit card {1} l - an uncursed expensive camera (0:83) {12} Elenmirie the Tourist's attributes: Background: You were a Sightseer, a level 5 female human Tourist. You were neutral, on a mission for The Lady who was opposed by Blind Io (lawful) and Offler (chaotic). You were heterosexual. You were in the Dungeons of Doom, on level 5. You entered the dungeon 2045 turns ago. You had 161 experience points, 159 more were needed to attain level 6. Basics: You had 0 out of 46 hit points. You had all 23 energy points (spell power). Your armor class was 9. Your wallet was empty. Autopickup was on, but temporarily disabled while inside the shop. Final Characteristics: Your strength was 12 (limit:18/100). Your dexterity was 9 (limit:18). Your constitution was 17 (limit:18). Your intelligence was 13 (limit:18). Your wisdom was 10 (limit:18). Your charisma was 15 (limit:18). Final Status: You were not hungry. You were unencumbered. You were wielding a spear. You were unskilled in spear. Final Attributes: You were devoutly aligned. You could jump. You are dead. Miscellaneous: You never encountered a bones level. Total elapsed playing time was 20 minutes and 53 seconds. Vanquished creatures: 2 rock moles a gray ooze a homunculus a werejackal 2 iguanas 2 coyotes a gas spore a hobbit a giant rat 3 cave spiders a yellow mold a red mold 2 garter snakes 2 gnome zombies 3 geckos a jackal 2 kobolds a goblin 4 grid bugs 4 lichens a kobold zombie a newt 38 creatures vanquished. No species were genocided or became extinct. Voluntary challenges: You read items or engraved 7 times. You never genocided any monsters. You never polymorphed an object. You never touched an artifact. You used no wishes. You never owned a pet. You never scared an enemy with impunity. You were celibate. You never generated conflict. Achievements: You entered a shop. You attained the rank of Sightseer. The Dungeons of Doom: levels 1 to 5 Level 1: A tree. Level 2: A scroll shop. Level 3: Level 4: Level 5: <- You were here. An armor shop. Final resting place for you, killed by a small mimic. Game over: __________ / \ / REST \ / IN \ / PEACE \ / \ | elenmirie | | 0 Au | | killed by a | | small mimic | | | | | | 2022 | *| * * * | * _________)/\\_//(\/(/\)/\//\/|_)_______ Aloha elenmirie the Tourist... You died in The Dungeons of Doom on dungeon level 5 with 844 points, and 0 pieces of gold, after 2045 moves. You were level 5 with a maximum of 46 hit points when you died.